[Event "*** Titled Tuesday Blitz"]
[Site "Chess.com"]
[Date "2018.09.04"]
[Round "1"]
[White "enriquetejedor"]
[Black "Lord_Neezy"]
[Result "1-0"]
[WhiteElo "2486"]
[BlackElo "2044"]
[TimeControl "180+2"]
[EndTime "13:46:01 PDT"]
[Termination "enriquetejedor won on time"]

1. e4 c5 2. Nf3 e6 3. d4 cxd4 4. Nxd4 a6 5. c4 Nf6 6. Nc3 Bb4 7. Qd3 d5 8. Bg5 dxe4 9. Qe3 Nbd7 10. a3 Bxc3+ 11.
Qxc3 O-O 12. Be2 Qc7 13. O-O b6 14. Rad1 Bb7 15. Bh4 Nc5 16. Bg3 Qe7 17. b4 Nd3 18.
Bxd3 exd3 19. Rxd3 Ne4 20. Qe1 Rfd8 21. Qe3 Rac8 22. Rc1 Qf6 23. f3 Nxg3 24. hxg3 Rc7 25. Ne2 Rdc8 26. Qxb6 h5 27. Qd4 Qg5 28. Rcc3 g6 29. Kf2 Bc6 30. Qe3 Qf6 31. Qd4 Qg5 32.
Qf4 Qe7 33. Qd2 Bb7 34. c5 Bc6 35. Re3 Qf6 36. Qd4 Qe7 37. Red3 Bb5 38. Rd2 a5 39.
Qd6 axb4 40. Qxe7 Rxe7 41. axb4 Rb7 42. Nd4 Be8 43. Rb2 Kf8 44. f4 Rcb8 45. Rc4 Ke7 46.
c6 Rb6 47. b5 Kd6 48. Rd2 Kc7 49. Ra4 Kd6 50. Rc4 Ke7 51. Kf3 Rc8 52. g4 hxg4+ 53. Kxg4 f6 54. Re2 Bf7 55. Kf3 e5 56. Ra4 Kd6 57.
fxe5+ fxe5 58. Nc2 Bd5+ 59. Kg3 Rxb5 60. Nb4 Rcb8 61.
Nxd5 Rxd5 62. Rg4 Rg8 63. Rc2 Rc5 64. Rf2 Rxc6 65. Rg5 Kd5 66. Rd2+ Ke6 67. Re2 Rc5 68. Rg4 g5 69. Ra4 Rd8 70. Kg4 1-0

[Event "*** Titled Tuesday Blitz"]
[Site "Chess.com"]
[Date "2018.09.04"]
[Round "1"]
[White "FMJoseHerrera"]
[Black "Sethu0025"]
[Result "1-0"]
[WhiteElo "2377"]
[BlackElo "2695"]
[TimeControl "180+2"]
[EndTime "13:46:04 PDT"]
[Termination "FMJoseHerrera won by resignation"]

1. Nf3 Nf6 2. g3 d5 3. Bg2 c5 4. O-O e6 5. c3 Nc6 6. a3 b6 7. b4 Bb7 8. d3 Be7 9. Nbd2 O-O 10. Bb2 Rc8 11. Qb3 Qc7 12. Rfc1 Rfd8 13. a4 Qb8 14. a5 cxb4 15. cxb4 Nxb4 16. axb6 axb6 17. Be5 Bd6 18. Bxf6 gxf6 19. Qb2 Kg7 20. Nf1 Rxc1 21. Rxc1 Rc8 22. Rb1 Qc7 23. Qd4 Qe7 24. Ne3 b5 25. Qg4+ Kh8 26. Qh5 Bc6 27. Ng4 Nc2 28. Rc1 Nb4 29.
Qh6 Qf8 30. Qxf6+ Qg7 31. Qh4 f5 32. Ne3 Bd7 33. Rxc8+ Bxc8 34. Qd8+ Qf8 35. Qa5 Bd7 36. Ng5 h6 37. Nf3 Qb8 38. Nd4 Nc6 39. Nxc6 Bxc6 40.
Qc3+ d4 41. Qxd4+ Be5 42. Qh4 Bxg2 43. Qxh6+ Kg8 44. Qxe6+ Kh8 45. Kxg2 b4 46. Nxf5 b3 47. Qh6+ Kg8 48. Qg6+ Kh8 49. Nh6 Bg7 50. Nf7+ Kg8 51. Nh6+ Kh8 52. Nf5 Qb7+ 53. e4 b2 54. Qe8+ Kh7 55.
Ne7 Qxe7 56. Qxe7 b1=Q 57. Qh4+ Kg8 58. Qd8+ Kh7 59. Qd5 Qb8 60. h4 Qf8 61. Qf5+ Qxf5 62. exf5 Bd4 63. g4 Kg7 64. Kf3 Kf6 65. Kg3 Bc3 66.
f4 Be1+ 67. Kh3 Bd2 68. Kg3 Be1+ 69. Kf3 Bxh4 70. Ke4 Be1 71. g5+ Kf7 72. d4 Bc3 73. d5 Bb4 74. f6 Kg6 75. Ke5 Bc3+ 76. Ke6 Bd2 77. f7 Kg7 78. Ke7 Bb4+ 79. d6 Bxd6+ 80. Kxd6 Kxf7 81. f5 1-0

[Event "*** Titled Tuesday Blitz"]
[Site "Chess.com"]
[Date "2018.09.04"]
[Round "1"]
[White "VerdeNotte"]
[Black "bugsbunny444"]
[Result "1-0"]
[WhiteElo "2817"]
[BlackElo "2422"]
[TimeControl "180+2"]
[EndTime "13:46:26 PDT"]
[Termination "VerdeNotte won on time"]

1. c4 b6 2. Nc3 Bb7 3. e4 e6 4.
g3 f5 5. Bg2 Nf6 6. d3 fxe4 7.
Nge2 Nc6 8. Nxe4 Nxe4 9. dxe4 Bc5 10. O-O Ne5 11. Nf4 O-O 12. b3 Qf6 13. Bb2 Nf3+ 14.
Bxf3 Qxb2 15. Qxd7 e5 16. Nd3 Qd4 17. Nxc5 Qxc5 18.
Bg2 Rad8 19. Qe6+ Kh8 20. b4 Bc8 21. bxc5 Bxe6 22. cxb6 axb6 23. Rfc1 Rd2 24. f3 Ra8 25.
a3 Ra5 26. Bf1 g5 27. Rc3 Kg7 28. c5 Rxc5 29. Rxc5 bxc5 30. Rc1 c4 31. Bxc4 Bxc4 32. Rxc4 Rd3 33. Rxc7+ Kg6 34. Rc6+ Kf7 35. a4 Rxf3 36. Rh6 Kg7 37. Re6 Ra3 38. Rxe5 Rxa4 39. Rxg5+ Kf6 40. Rf5+ Ke6 41. Rh5 Rxe4 42. Rxh7 Re2 43. Rh4 Kf5 44. Rf4+ Kg5 45. Rf2 Re3 46. Kg2 Ra3 47. Rb2 Rc3 48. h4+ Kg4 49. Rb4+ Kh5 50. Rb5+ Kh6 51. Kh3 Ra3 52.
Rb6+ Kh5 53. Rb5+ Kh6 54. Rf5 Kg6 55. Rf1 Kh5 56. Kg2 Kg4 57. Rf4+ Kh5 58. Re4 Rb3 59.
Kf2 Ra3 60. Re3 Ra1 61. Re5+ Kh6 62. Kf3 Ra3+ 63. Kf4 Ra4+ 64. Re4 Ra8 65. Re6+ Kg7 66. g4 Ra4+ 67. Kf5 Ra5+ 68. Re5 Ra1 69. Re7+ Kf8 70. Rb7 Ra5+ 71. Kg6 Ra6+ 72. Kh5 Kg8 73. g5 Rc6 74. g6 Ra6 75. Kh6 Ra8 76. h5 Rc8 77. Rg7+ Kh8 78. Re7 Kg8 79. Kg5 Ra8 80. h6 Rb8 81. Kf6 Rb6+ 82. Re6 Rb8 83. Ra6 Rc8 84. h7+ Kh8 85. Kg5 1-0

[Event "*** Titled Tuesday Blitz"]
[Site "Chess.com"]
[Date "2018.09.04"]
[Round "1"]
[White "Art10ECHR"]
[Black "Federtiu"]
[Result "0-1"]
[WhiteElo "2236"]
[BlackElo "2589"]
[TimeControl "180+2"]
[EndTime "13:46:26 PDT"]
[Termination "Federtiu won by resignation"]

1. d4 g6 2. c4 Bg7 3. e4 e6 4. Nc3 Ne7 5. Nf3 d5 6. Bd3 O-O 7. O-O Nbc6 8. Be3 dxe4 9. Bxe4 f5 10. Bc2 f4 11. Bc1 Nxd4 12. Nxd4 Bxd4 13. Ne2 e5 14.
Nxd4 exd4 15. Re1 Nc6 16. Be4 Qf6 17. b3 Be6 18. Bb2 Rad8 19. Qd2 Ne5 20. Rad1 c5 21. Bxb7 f3 22. Rxe5 Qxe5 23. Bxf3 Rxf3 24. gxf3 Bh3 25. Re1 Qf5 26. Bc1 Qxf3 27. Qg5 Rf8 28. Qd5+ Qxd5 29. cxd5 Rd8 30. Re5 d3 31. Bd2 Kf7 32. f4 Rc8 33. Kf2 c4 34. bxc4 Rxc4 35. Ke3 Bf5 36. d6 Ra4 37. Re7+ Kf8 38. Bc3 Rxa2 39. Bg7+ Kg8 40. d7 Re2+ 41. Kf3 Bxd7 42. Rxd7 Rxh2 43. Be5 d2 44.
Ke3 a5 45. Bc3 a4 46. Bxd2 a3 47. Ra7 h5 48. Bb4 a2 49. Kf3 Rb2 50. Bd6 Rb3+ 51. Ke4 Rb2 52. Ke5 h4 53. Kf6 Rb6 54. Ke5 Rb2 55.
Bc5 Rb5 56. Kd6 Rb2 57. Bd4 Rd2 58. Ke5 h3 59. Ra8+ Kf7 60. Ra7+ Ke8 61. Ra8+ Kd7 62.
Ra7+ Kc6 63. Ra6+ Kb5 64. Ra8 h2 65. Rb8+ Kc6 66. Rc8+ Kd7 67. Rc1 Rg2 68. Rh1 Kc6 69.
Kf6 Kd5 70. Be5 Ke4 71. Kg7 Kf3 72. f5 gxf5+ 73. Kf6 f4 74. Kf5 Rg1 75. Rxh2 a1=Q 76. Bxa1 Rxa1 77. Rh3+ Kg2 78. Rb3 f3 79. Kf4 f2 80.
Rg3+ Kh2 0-1

[Event "*** Titled Tuesday Blitz"]
[Site "Chess.com"]
[Date "2018.09.04"]
[Round "1"]
[White "Manukyan_Artak"]
[Black "Gareth-Bale11"]
[Result "1/2-1/2"]
[WhiteElo "2307"]
[BlackElo "2617"]
[TimeControl "180+2"]
[EndTime "13:46:27 PDT"]
[Termination "Game drawn - insufficient material"]

1. e4 e5 2. Nf3 Nc6 3. d4 exd4 4. Nxd4 Bc5 5. Nxc6 Qf6 6. Qf3 dxc6 7. Bc4 Ne7 8. Nc3 Ng6 9. Qxf6 gxf6 10. Bh6 b5 11. Be2 f5 12. O-O-O Bf8 13. Bxf8 Kxf8 14.
exf5 Bxf5 15. Bf3 Ne5 16. Be4 Bxe4 17. Nxe4 Kg7 18. Rhe1 Rad8 19. f4 Rxd1+ 20. Kxd1 Nc4 21. b3 Rd8+ 22. Kc1 Nb6 23. Nc5 Nd5 24. Nd3 a5 25. a3 h5 26. g3 Kf6 27. Ne5 Rd6 28. Nf3 Kg7 29. Re5 f6 30. Rxh5 Nc3 31. b4 axb4 32. axb4 Na2+ 33. Kb2 Nxb4 34. Nh4 Rd7 35. Rc5 Kf7 36. Nf5 Ke6 37. h4 Nd5 38. Nd4+ Kf7 39. Nxc6 Ne3 40. Rxb5 Rd2 41. Nb4 Rg2 42. Rb7 Rxg3 43.
Rxc7+ Ke6 44. h5 Rh3 45. Rc5 Nf5 46. Nc6 Rh2 47. Rc4 Kd5 48. Na5 Rxh5 49. Rb4 Rh2 50. Rb5+ Ke4 51. Nc4 Nd4 52. Rb4 Rxc2+ 53. Kb1 Rf2 54.
Nd6+ Kd3 55. Ne8 Kc3 56. Rxd4 Kxd4 57. Nxf6 Rf1+ 58. Kc2 Rf2+ 59. Kb3 Rxf4 60. Nd7 Rf5 61. Kb4 Rf1 62. Nb6 Rb1+ 63. Ka5 Kc5 64. Na4+ Kc6 65. Nc3 Rb2 66. Na4 Rb3 67. Ka6 Rb5 68. Nc3 Rc5 69.
Na4 Rc4 70. Ka5 Rc2 71. Kb4 Ra2 72. Nc3 Rg2 73. Kc4 Rg4+ 74. Kd3 Kc5 75. Ne4+ Kc6 76.
Nc3 Kd6 77. Ne4+ Ke5 78. Nc3 Rg3+ 79. Kc4 Rf3 80. Nb5 Rf4+ 81. Kc5 Rf1 82. Nd6 Rc1+ 83.
Nc4+ Ke6 84. Kd4 Rc2 85. Ne3 Rd2+ 86. Ke4 Ra2 87. Kd4 Ra4+ 88. Kd3 Ke5 89. Nc4+ Kd5 90. Nb6+ Kc5 91. Nxa4+ 1/2-1/2

[Event "*** Titled Tuesday Blitz"]
[Site "Chess.com"]
[Date "2018.09.04"]
[Round "1"]
[White "Squirlolz"]
[Black "Rakhmanov_Aleksandr"]
[Result "1-0"]
[WhiteElo "2474"]
[BlackElo "2801"]
[TimeControl "180+2"]
[EndTime "13:46:39 PDT"]
[Termination "Squirlolz won on time"]

1. e4 c5 2. c3 Nf6 3. e5 Nd5 4. Nf3 Nc6 5. Bc4 Nb6 6. Bb3 d5 7. exd6 e6 8. d4 cxd4 9. cxd4 Bxd6 10. O-O O-O 11. Nc3 Nb4 12. Re1 N4d5 13. Ne4 Be7 14. Bg5 Bd7 15. Bxe7 Nxe7 16. Ne5 Bc6 17. Ng5 Ned5 18.
Qh5 Nf6 19. Qh3 Bd5 20. Bxd5 Nbxd5 21. Ngxf7 Rxf7 22. Qxe6 Qe7 23. Qxf7+ Qxf7 24. Nxf7 Kxf7 25. f3 Rd8 26. Re2 Nf4 27. Rc2 Ne6 28. Rd1 Nd5 29. Kf2 Kf6 30. g3 g5 31. Re2 Ndc7 32. Red2 Rd5 33. a3 h5 34. Ke3 h4 35. gxh4 gxh4 36. Rg1 Ng7 37. Rg4 Nf5+ 38. Kf2 Ne6 39. Rc2 Nexd4 40. Rd2 Rd6 41. Re4 Nb5 42. Rxd6+ Nbxd6 43. Rb4 Ke5 44. a4 a5 45. Rb6 Ne7 46. Rb3 Nd5 47. Kg2 Nf4+ 48. Kf2 Kd4 49. Rb6 Kc5 50. Rb3 Nd5 51. Kg2 Kc4 52. Ra3 Nf4+ 53. Kf2 Nf5 54. Rc3+ Kb4 55. Rc7 Nd3+ 56. Kg2 Nc5 57. Kh3 Nd4 58. f4 b6 59. Kxh4 Kxa4 60. Kg4 Kb3 61. f5 a4 62. h4 Kxb2 63. h5 a3 64. h6 a2 65. Ra7 Ne4 66. Kf4 Nf6 67. Ke5 Nxf5 68.
Kxf5 Nh7 69. Kg6 b5 70. Kxh7 b4 71. Kg6 b3 72. h7 Kb1 73. h8=Q b2 74. Qh1+ Kc2 75. Rxa2 Kb3 76. Rxb2+ Kxb2 77. Qf3 Kc2 78. Kf5 Kd2 79. Ke4 Kc2 80. Kd4 Kb2 81. Kc4 Ka1 82.
Qe2 1-0

[Event "*** Titled Tuesday Blitz"]
[Site "Chess.com"]
[Date "2018.09.04"]
[Round "1"]
[White "wannabe2700"]
[Black "dcremisi"]
[Result "1/2-1/2"]
[WhiteElo "2594"]
[BlackElo "2273"]
[TimeControl "180+2"]
[EndTime "13:46:45 PDT"]
[Termination "Game drawn - insufficient material"]

1. d4 d5 2. c4 e6 3. Nf3 c6 4. g3 Nf6 5. Bg2 Nbd7 6. O-O Be7 7. Qc2 O-O 8. Nbd2 b6 9. e4 dxe4 10. Nxe4 Nxe4 11. Qxe4 Bb7 12. Rd1 Qc8 13. Bg5 Nf6 14.
Qc2 c5 15. d5 exd5 16. cxd5 h6 17. Bxf6 Bxf6 18. Rd2 Qd7 19. Rad1 Rfd8 20. h4 Rac8 21. a4 Qd6 22. b3 Rc7 23. Qf5 Rcd7 24. Bh3 Bc8 25. Qd3 Re7 26. Bxc8 Rxc8 27. Re2 Rce8 28.
Rxe7 Rxe7 29. Kg2 Re8 30. Qa6 Re7 31. Qc8+ Kh7 32. Qf5+ Kg8 33. Qc8+ Kh7 34. Rd2 Bc3 35. Rd3 Bd4 36. Qa8 Rd7 37. Nxd4 Qxd5+ 38. Qxd5 Rxd5 39.
Kf3 cxd4 40. Ke4 Rc5 41. Rxd4 Rc3 42. Rd7 Rxb3 43. Rxa7 Kg6 44. h5+ Kxh5 45. Rxf7 Rb4+ 46. Kf3 Kg6 47. Rf4 Rb3+ 48. Kg4 h5+ 49. Kh4 Kh6 50.
Rc4 g5+ 51. Kh3 Rb2 52. Rc6+ Kg7 53. Kg2 Rb4 54. Rc7+ Kg6 55. Rc6+ Kf5 56. Rh6 Rxa4 57. Rxh5 Kg6 58. Rh8 Rb4 59. Rb8 b5 60. Rb6+ Kf5 61.
f3 Rb1 62. g4+ Kf4 63. Rf6+ Ke3 64. Re6+ Kd3 65. Rg6 b4 66. Rxg5 b3 67. Rb5 b2 68.
g5 Kc2 69. f4 Rd1 70. Rxb2+ Kxb2 71. Kf3 Kc3 72. Ke4 Kc4 73. Ke5 Re1+ 74. Kf6 Kd5 75. g6 Re6+ 76. Kf7 Re4 77. f5 Ke5 78. g7 Rg4 79. f6 Rg5 80. Ke7 Kf5 81. Kf7 Rg6 82. g8=Q Rxg8 83. Kxg8 Kxf6 1/2-1/2

[Event "*** Titled Tuesday Blitz"]
[Site "Chess.com"]
[Date "2018.09.04"]
[Round "1"]
[White "northridgehawk"]
[Black "suyu28"]
[Result "0-1"]
[WhiteElo "2120"]
[BlackElo "2503"]
[TimeControl "180+2"]
[EndTime "13:46:45 PDT"]
[Termination "suyu28 won by resignation"]

1. e4 e5 2. Nf3 Nc6 3. Bb5 Nf6 4. O-O Nxe4 5. Re1 Nd6 6. Nxe5 Be7 7. Bf1 Nxe5 8. Rxe5 O-O 9. d4 Bf6 10. Re1 Nf5 11. c3 d5 12. Bd3 c6 13. Qc2 g6 14. Nd2 Nd6 15. Nf3 Bf5 16. Bh6 Bg7 17. Bg5 Bf6 18. Bh6 Bg7 19. Bg5 f6 20. Bf4 Bxd3 21.
Qxd3 Ne4 22. Re2 Qd7 23. Rae1 Rfe8 24. Nd2 Nxd2 25. Bxd2 Kf7 26. Bf4 Rxe2 27. Qxe2 Bf8 28. h3 h5 29. Qe3 a5 30. a4 b5 31. axb5 cxb5 32. Bh6 Be7 33. Bg7 b4 34. Qh6 Rg8 35.
Bh8 Bf8 36. Qh7+ Bg7 37. Bxg7 Rxg7 38. Qh8 Rg8 39. Qh7+ Rg7 40. Qh8 bxc3 41. bxc3 a4 42. Qa8 Rg8 43. Qa5 Rb8 44. Ra1 Qc6 45. Rxa4 h4 46.
Rb4 Re8 47. Rb6 Re1+ 48. Kh2 Qc7+ 49. g3 hxg3+ 50. Kg2 Re6 51. Rb5 Qxa5 52. Rxa5 gxf2 53. Rxd5 Rc6 54. Kxf2 Rxc3 55. Kg2 Rd3 56. h4 Kg7 57.
Rd8 Kh6 58. d5 Kh5 59. d6 Kxh4 60. d7 Kg5 61. Kf2 f5 62. Ke2 Rd6 63. Ke3 Kg4 64. Ke2 g5 65. Ke3 f4+ 66. Ke4 f3 67. Ke3 Re6+ 68. Kf2 Re2+ 69. Kf1 Rd2 70. Ke1 Rd5 71.
Kf2 Rd3 72. Re8 Rd2+ 73. Ke3 Rxd7 74. Re5 Rf7 75. Kf2 Rf4 76. Re8 Ra4 77. Rh8 Ra2+ 78. Ke3 Re2+ 79. Kd3 Re7 80. Rf8 Kg3 81. Rf5 g4 82.
Rf7 Rxf7 0-1

[Event "*** Titled Tuesday Blitz"]
[Site "Chess.com"]
[Date "2018.09.04"]
[Round "1"]
[White "ozates"]
[Black "sergiochess83"]
[Result "0-1"]
[WhiteElo "2363"]
[BlackElo "2716"]
[TimeControl "180+2"]
[EndTime "13:46:48 PDT"]
[Termination "sergiochess83 won by resignation"]

1. e4 c6 2. d3 d5 3. Nd2 g6 4.
Ngf3 Bg7 5. g3 e5 6. Bg2 Ne7 7. O-O O-O 8. Re1 Nd7 9. a4 Re8 10. a5 Rb8 11. Nb3 b6 12. axb6 axb6 13. Bd2 Bb7 14.
Qc1 c5 15. Bh6 Bh8 16. h4 Qc7 17. h5 Ra8 18. Rxa8 Bxa8 19. hxg6 hxg6 20. Qg5 Bf6 21. Qg4 Nf8 22. Nbd2 Qd7 23. Qxd7 Nxd7 24. Bh3 Bc6 25. exd5 Nxd5 26. Ne4 Bg7 27. Bxg7 Kxg7 28. Nd6 Rd8 29. Ng5 Rf8 30. Bxd7 Bxd7 31. Rxe5 Bc6 32. c4 Nb4 33. Re3 Rd8 34. Ngxf7 Rd7 35. Kf1 Rxf7 36.
Nxf7 Kxf7 37. Ke2 Nc2 38. Re5 Nd4+ 39. Kd1 Bf3+ 40. Kd2 Bg4 41. Kc3 Bf5 42. Re1 Nc6 43.
Rd1 g5 44. f3 Kf6 45. g4 Bg6 46. b3 Nd4 47. b4 Ne2+ 48. Kd2 Nf4 49. bxc5 bxc5 50. Ke3 Ke5 51. Rd2 Bh7 52. Rd1 Ng2+ 53. Kf2 Nf4 54. Ke3 Bg6 55. Rd2 Ne6 56. Ra2 Nf4 57.
Ra6 Bxd3 58. Rc6 Bxc4 59. Rxc5+ Bd5 60. Ra5 Ng2+ 61. Kf2 Nh4 62. Ra3 Kf4 63. Ra4+ Ke5 64. Ra3 Nxf3 65. Kg3 Nd2 66. Ra7 Ne4+ 67. Kh3 Be6 68.
Ra5+ Kf6 69. Ra4 Ke5 70. Ra5+ Kf4 71. Ra4 Bxg4+ 72. Kh2 Bf3 73. Ra8 g4 74. Rf8+ Ke3 75.
Rg8 Kf2 76. Rg7 Nd2 0-1

[Event "*** Titled Tuesday Blitz"]
[Site "Chess.com"]
[Date "2018.09.04"]
[Round "1"]
[White "Alexander_Moskalenko"]
[Black "PulpanJ"]
[Result "1-0"]
[WhiteElo "2820"]
[BlackElo "2428"]
[TimeControl "180+2"]
[EndTime "13:47:25 PDT"]
[Termination "Alexander_Moskalenko won on time"]

1. c4 e6 2. Nc3 d5 3. d4 Nf6 4. cxd5 Nxd5 5. e3 c5 6. Nf3 Nc6 7. Bd3 cxd4 8. exd4 Bb4 9. Bd2 O-O 10. O-O Be7 11. Qe2 Re8 12. a3 b6 13. Be4 Bb7 14. Rfe1 Bf6 15. Rad1 Nxc3 16. Bxc3 Na5 17. Ne5 Bxe4 18.
Qxe4 Rc8 19. d5 exd5 20. Rxd5 Qe7 21. Qd3 Nc6 22. Nf3 Qc7 23. Rxe8+ Rxe8 24. Bxf6 gxf6 25. g3 Ne5 26. Nxe5 fxe5 27. Rd7 Qc1+ 28. Kg2 Qc6+ 29. Qd5 Qxd5+ 30. Rxd5 Re6 31. Kf3 Kg7 32. Ke4 Kf6 33. b3 a5 34. h4 Rc6 35. Rxe5 a4 36. Rf5+ Ke6 37. Rb5 axb3 38. Rxb3 Rd6 39. Kf4 Kf6 40. Rb4 Ke6 41. Kg5 Ke7 42. Rf4 h6+ 43. Kh5 Kf8 44. a4 Kg7 45. Rg4+ Kh7 46. Re4 Rd5+ 47. Kg4 Ra5 48.
Kf3 b5 49. Re5 Rxa4 50. Rxb5 Kg7 51. Rd5 Rb4 52. Ke3 Ra4 53. Rd4 Ra2 54. Rd2 Ra4 55.
Kf3 Kg6 56. Rd6+ Kg7 57. Rd3 Rb4 58. Re3 Rb2 59. Re4 Ra2 60. Rg4+ Kf6 61. Rb4 Kg6 62. Rb6+ Kg7 63. Rb5 Ra4 64. Rf5 Rb4 65. h5 Ra4 66. Rf4 Ra3+ 67. Kg4 Ra2 68. Kh3 Ra5 69. g4 Ra3+ 70.
Kg2 Rb3 71. f3 Rb2+ 72. Kg3 Rb3 73. Rf5 Rb4 74. Kf2 Rb2+ 75. Ke3 Rb3+ 76. Ke4 Rb4+ 77. Kd5 Rb5+ 78. Ke4 Rb4+ 79. Ke3 Rb3+ 80. Kf4 Rb4+ 81.
Kg3 Rb3 82. Rd5 Ra3 83. Kf4 Ra4+ 84. Kf5 Ra6 85. g5 hxg5 86. Kxg5 Rb6 87. f4 Ra6 88.
Rd7 Rb6 89. Re7 Ra6 90. Re4 Ra1 91. h6+ Kh7 92. Kf6 Kxh6 93. Kxf7 Ra5 94. Re5 Ra7+ 95. Kf6 Ra6+ 96. Re6 Ra5 97. f5 Rb5 98. Kf7+ Kh7 99.
Kf6 Ra5 100. Re5 Ra6+ 101. Kf7 Rb6 102. Re2 Rb7+ 103. Re7 Rb6 104. f6 Kh6 105. Rd7 Ra6 106. Ke7 1-0

[Event "*** Titled Tuesday Blitz"]
[Site "Chess.com"]
[Date "2018.09.04"]
[Round "2"]
[White "Godzillator"]
[Black "Abund"]
[Result "0-1"]
[WhiteElo "2301"]
[BlackElo "2450"]
[TimeControl "180+2"]
[EndTime "13:49:34 PDT"]
[Termination "Abund won by resignation"]

1. d4 Nf6 2. c4 e6 3. Nc3 Bb4 4.
Qc2 O-O 5. a3 Bxc3+ 6. Qxc3 d5 7.
Bg5 dxc4 8. Qxc4 b6 9. Rd1 Ba6 10. Qa4 Qd7 11. Qc2 Ne8 12. e3 Bxf1 13. Kxf1 Qb5+ 14.
Ne2 Qxg5 15. h4 Qb5 16. h5 h6 17. g4 Qc6 18. Ng3 Qxc2 0-1

[Event "*** Titled Tuesday Blitz"]
[Site "Chess.com"]
[Date "2018.09.04"]
[Round "2"]
[White "Gareth-Bale11"]
[Black "chessmaxusa"]
[Result "1-0"]
[WhiteElo "2623"]
[BlackElo "2508"]
[TimeControl "180+2"]
[EndTime "13:51:04 PDT"]
[Termination "Gareth-Bale11 won by resignation"]

1. d4 c6 2. c4 d5 3. cxd5 Qxd5 4. Nc3 Qd8 5. Nf3 Nf6 6. Bg5 Bg4 7. e3 Nbd7 8. Be2 e6 9. O-O Be7 10. h3 Bh5 11. Nd2 Bg6 12. Nc4 O-O 13. Bf3 Nb6 14. Ne5 Nbd5 15. Qe2 Nd7 16. Bxe7 Qxe7 17. Nxg6 hxg6 18.
Rfd1 Rfd8 19. Rac1 N7f6 20. g3 e5 21. Nxd5 Nxd5 22.
Kg2 e4 23. Bg4 f5 24. Rh1 fxg4 25. hxg4 Rf8 26. Rh4 Qf6 27. g5 Qf7 28. Rxe4 Qf3+ 29. Qxf3 1-0

[Event "*** Titled Tuesday Blitz"]
[Site "Chess.com"]
[Date "2018.09.04"]
[Round "2"]
[White "ulises2013"]
[Black "chito89"]
[Result "1/2-1/2"]
[WhiteElo "2469"]
[BlackElo "2711"]
[TimeControl "180+2"]
[EndTime "13:51:11 PDT"]
[Termination "Game drawn by agreement"]

1. e4 e5 2. Nf3 Nc6 3. Bc4 Bc5 4. c3 Nf6 5. d4 exd4 6. cxd4 Bb4+ 7. Bd2 Bxd2+ 8.
Nbxd2 d5 9. exd5 Nxd5 10. Qb3 Be6 11. Qxb7 Nce7 12. Qb3 O-O 13. O-O Rb8 14. Qa3 1/2-1/2

[Event "*** Titled Tuesday Blitz"]
[Site "Chess.com"]
[Date "2018.09.04"]
[Round "2"]
[White "jeetjain"]
[Black "Bad4life"]
[Result "1-0"]
[WhiteElo "2311"]
[BlackElo "2417"]
[TimeControl "180+2"]
[EndTime "13:51:12 PDT"]
[Termination "jeetjain won by resignation"]

1. e4 d6 2. d4 Nf6 3. Nc3 g6 4. f4 Bg7 5. Nf3 O-O 6. e5 dxe5 7.
fxe5 Nd5 8. Bc4 Nxc3 9. bxc3 c5 10. O-O Bg4 11. Be3 Nc6 12. h3 Bxf3 13. Rxf3 Rc8 14. Qf1 cxd4 15. Rxf7 Rxf7 16. Qxf7+ Kh8 17. cxd4 Nxd4 18.
Rd1 Rxc4 19. Qxc4 Nf3+ 20. Kf2 Nh4 21. Rxd8+ 1-0

[Event "*** Titled Tuesday Blitz"]
[Site "Chess.com"]
[Date "2018.09.04"]
[Round "2"]
[White "Genghis_K"]
[Black "jerom555888"]
[Result "1/2-1/2"]
[WhiteElo "2863"]
[BlackElo "2603"]
[TimeControl "180+2"]
[EndTime "13:51:25 PDT"]
[Termination "Game drawn by agreement"]

1. e4 a6 2. d4 e6 3. Bd3 d5 4. e5 c5 5. c3 Nc6 6. Nf3 Bd7 7. O-O cxd4 8. cxd4 Qb6 9. Nc3 Nxd4 10. Nxd4 Qxd4 11. Re1 Ne7 12. Be3 Qxe5 13. Rc1 Bc6 14.
Bb1 Ng6 15. Bd4 Qg5 16. g3 h5 17. Na4 h4 18. Be3 Qf6 19. Bd4 Qg5 20. Be3 Qf6 1/2-1/2

[Event "*** Titled Tuesday Blitz"]
[Site "Chess.com"]
[Date "2018.09.04"]
[Round "2"]
[White "Sven_Tica"]
[Black "jefferyx"]
[Result "0-1"]
[WhiteElo "2647"]
[BlackElo "2746"]
[TimeControl "180+2"]
[EndTime "13:51:35 PDT"]
[Termination "jefferyx won by resignation"]

1. d4 Nf6 2. c4 e6 3. g3 d5 4. Bg2 dxc4 5. Nf3 a6 6. O-O Nc6 7. e3 Rb8 8. Nfd2 e5 9. Bxc6+ bxc6 10. dxe5 Ng4 11. Nxc4 Qe7 12. f3 Nxe5 13. Nxe5 Qxe5 14. Nc3 Bh3 15. Re1 Be7 16. e4 Bc5+ 17. Kh1 O-O 18. Bf4 Rxb2 19. Ne2 Qc3 20. Rf1 Qc4 21. Re1 Qc3 22.
Rf1 Bxf1 23. Qxf1 Qc2 24. Rc1 Qxe2 25. Qxe2 Rxe2 26. Rxc5 Rd8 27. Rc1 Rd3 0-1

[Event "*** Titled Tuesday Blitz"]
[Site "Chess.com"]
[Date "2018.09.04"]
[Round "2"]
[White "MrVezunchik"]
[Black "GABUZYAN_CHESSMOOD"]
[Result "1-0"]
[WhiteElo "2839"]
[BlackElo "2608"]
[TimeControl "180+2"]
[EndTime "13:51:55 PDT"]
[Termination "MrVezunchik won by resignation"]

1. d4 Nf6 2. c4 g6 3. g3 Bg7 4. Bg2 c5 5. Nf3 cxd4 6. Nxd4 Nc6 7. Nc3 O-O 8. O-O Qa5 9. Nb3 Qh5 10. Nd5 Nxd5 11.
cxd5 Ne5 12. f4 Nc4 13. Qc2 Nb6 14. Bf3 Qh3 15. d6 exd6 16. a4 Qe6 17. Qd3 a5 18. Be3 Nc4 19. Bd4 Nxb2 20. Qc3 Nc4 21. Bxg7 Re8 22.
Bd4 1-0

[Event "*** Titled Tuesday Blitz"]
[Site "Chess.com"]
[Date "2018.09.04"]
[Round "2"]
[White "ajkom197"]
[Black "josiwales"]
[Result "1-0"]
[WhiteElo "2397"]
[BlackElo "2441"]
[TimeControl "180+2"]
[EndTime "13:51:58 PDT"]
[Termination "ajkom197 won by checkmate"]

1. d4 d5 2. Bf4 Nf6 3. e3 c5 4. c3 Nc6 5. Nd2 Bf5 6. Qb3 Qc8 7. c4 Nb4 8. Rc1 a5 9. dxc5 Qxc5 10. a3 Nc6 11.
Ngf3 a4 12. Qb5 Qxb5 13. cxb5 Nd8 14. b6 Nc6 15. Bb5 Bd7 16. O-O Ra5 17. Nd4 Nxd4 18. Rc8# 1-0

[Event "*** Titled Tuesday Blitz"]
[Site "Chess.com"]
[Date "2018.09.04"]
[Round "2"]
[White "xberli"]
[Black "Der_Honigdachs"]
[Result "1-0"]
[WhiteElo "2551"]
[BlackElo "2316"]
[TimeControl "180+2"]
[EndTime "13:52:09 PDT"]
[Termination "xberli won by resignation"]

1. e4 c5 2. Nf3 a6 3. Nc3 d6 4. d4 cxd4 5. Nxd4 Nf6 6. Bg5 e6 7.
f4 h6 8. Bh4 Be7 9. Qf3 Nbd7 10.
O-O-O Qc7 11. Be2 Rg8 12. Bxf6 Bxf6 13. Rhe1 g5 14. Qh5 Bxd4 15. Rxd4 gxf4 16. Red1 Ne5 17. Rxd6 Ng6 18. Qxh6 b5 19. h4 Bb7 20. h5 Ne7 21. Qxf4 Rxg2 22. Bf3 Rg8 23. h6 Ng6 24. Rxe6+ Kf8 1-0

[Event "*** Titled Tuesday Blitz"]
[Site "Chess.com"]
[Date "2018.09.04"]
[Round "2"]
[White "Spring199"]
[Black "Aklanion"]
[Result "0-1"]
[WhiteElo "2211"]
[BlackElo "2116"]
[TimeControl "180+2"]
[EndTime "13:52:16 PDT"]
[Termination "Aklanion won by checkmate"]

1. e4 c5 2. Nf3 e6 3. d4 cxd4 4.
Nxd4 Nc6 5. Nb3 Nf6 6. Nc3 a6 7. g3 Qc7 8. Bg2 b5 9. O-O h5 10. Bg5 Ne5 11. h3 Bb7 12. f4 Qb6+ 13. Kh2 Nc4 14.
Qc1 Ne3 15. Re1 Nxg2 16. Kxg2 b4 17. Ne2 Nxe4 18. Bh4 Qf2+ 19. Kh1 Nxg3# 0-1

[Event "*** Titled Tuesday Blitz"]
[Site "Chess.com"]
[Date "2018.09.04"]
[Round "2"]
[White "Orest_Vovk"]
[Black "Caterpiller35"]
[Result "1-0"]
[WhiteElo "2419"]
[BlackElo "2281"]
[TimeControl "180+2"]
[EndTime "13:52:20 PDT"]
[Termination "Orest_Vovk won by resignation"]

1. Nc3 Nf6 2. Nf3 d5 3. d3 c5 4. e4 d4 5. Ne2 Nc6 6. Ng3 h5 7.
h3 h4 8. Ne2 e5 9. Neg1 c4 10.
Be2 Bb4+ 11. Kf1 a5 12. Bg5 cxd3 13. Bxd3 Be7 14. Bxh4 Qb6 15. Bg3 Bd6 16. Ne2 Qxb2 17. Rb1 Qxa2 18. Nexd4 Nxd4 19. Nxd4 O-O 20. Nb5 Bb4 21.
Bxe5 Qe6 22. f4 Nh5 23. Qxh5 1-0

[Event "*** Titled Tuesday Blitz"]
[Site "Chess.com"]
[Date "2018.09.04"]
[Round "2"]
[White "DanielNaroditsky"]
[Black "Federtiu"]
[Result "1-0"]
[WhiteElo "2975"]
[BlackElo "2587"]
[TimeControl "180+2"]
[EndTime "13:52:37 PDT"]
[Termination "DanielNaroditsky won by resignation"]

1. d4 g6 2. e4 Bg7 3. Nc3 d6 4. Nf3 a6 5. a4 b6 6. Bd3 e6 7.
O-O Ne7 8. Ne2 c5 9. c3 Nbc6 10.
Be3 e5 11. dxe5 Nxe5 12. Nxe5 dxe5 13. a5 Bb7 14. axb6 Qxb6 15. b4 Rd8 16. Bxc5 Qe6 17. Qa4+ Bc6 18. Qxa6 f5 19. Bb5 1-0

[Event "*** Titled Tuesday Blitz"]
[Site "Chess.com"]
[Date "2018.09.04"]
[Round "2"]
[White "FMchesstrainer"]
[Black "ViIIagra"]
[Result "0-1"]
[WhiteElo "2341"]
[BlackElo "2792"]
[TimeControl "180+2"]
[EndTime "13:52:39 PDT"]
[Termination "ViIIagra won by resignation"]

1. d4 Nf6 2. Bg5 g6 3. Bxf6 exf6 4. e3 Bg7 5. g3 O-O 6. Bg2 f5 7. Ne2 d6 8. Nd2 Nd7 9. c4 Nf6 10. Nc3 h5 11. h4 Re8 12. O-O Ng4 13. b4 f4 14. exf4 Bxd4 15. Rc1 Bg7 16. Nf3 Be6 17. Nd5 c6 18. Ne3 Nxe3 19. fxe3 Bg4 20. Qd3 Qb6 21.
Rfe1 Qxb4 22. Rb1 Qa5 23. e4 Rad8 24. Re2 Qc5+ 25. Kh2 b6 26. Rd1 a6 27. Red2 Rd7 28.
Re1 Rde7 29. Qxd6 Bc3 30. Ne5 Qxd6 0-1